 Dungeon Crawl Stone Soup version 0.17.1-3-g152610e (webtiles) character file.

2948 tatulmax the Sneak (level 9, 0/61 HPs)
             Began as an Octopode Transmuter on Apr 9, 2016.
             Was a Believer of Makhleb.
             Slain by a soldier ant (7 damage)
             ... on level 8 of the Dungeon on Apr 10, 2016.
             The game lasted 05:24:30 (9656 turns).

tatulmax the Sneak (Octopode Transmuter)            Turns: 9656, Time: 05:24:30

Health: 0/61       AC:  3    Str: 12    XL:     9   Next: 81%
Magic:  15/16      EV: 14    Int: 15    God:    Makhleb [**....]
Gold:   288        SH:  0    Dex: 13    Spells: 7 memorised, 3 levels left

rFire  . . .     SeeInvis +     o - +2 dagger (drain)
rCold  + . .     Clarity  .     (no shield)
rNeg   . . .     SustAt   .     Q - +2 hat
rPois  .         Gourm    +     P - amulet of the gourmand
rElec  .         Spirit   .     n - ring of flight
rCorr  .         Warding  .     h - ring of protection from cold
rMut   .         Stasis   .     I - ring of see invisible
MR     .....                    (no ring)
Stlth  +++++.....               (no ring)
                                (no ring)
                                (no ring)
                                (no ring)

@: very slightly contaminated, not resistant to hostile enchantments, quite
stealthy
A: almost no armour, amphibious, 8 rings, constrict 8, camouflage 1, gelatinous
body 1
a: Minor Destruction, Renounce Religion, Evoke Flight


You were on level 8 of the Dungeon.
You worshipped Makhleb.
Makhleb was pleased with you.
You were very full.

You visited 2 branches of the dungeon, and saw 9 of its levels.

You collected 432 gold pieces.
You spent 144 gold pieces at shops.

Inventory:

Hand Weapons
 f - a +0 dagger of electrocution
 m - a +3 falchion of holy wrath
 o - a +2 dagger of draining (weapon)
 U - a +0 hunting sling
Missiles
 a - 120 arrows
 d - 100 sling bullets
 k - 294 stones (quivered)
 s - 18 poisoned arrows
 y - 72 poisoned needles
 H - 2 tomahawks
 O - 4 javelins
 R - 23 bolts
Armour
 Q - a +2 hat (worn)
Jewellery
 h - a ring of protection from cold (right tentacle)
 n - a ring of flight (left tentacle)
 I - a ring of see invisible (on tentacle)
 N - an uncursed amulet of warding
 P - an amulet of the gourmand (around mantle)
Wands
 i - a wand of slowing (25)
 W - a wand of fire (11)
Scrolls
 j - 3 scrolls of fear
 t - 3 scrolls of enchant armour
 w - a scroll of fog
 x - a scroll of blinking
 C - a scroll of immolation {unknown}
 L - a scroll of random uselessness {unknown}
 M - 3 scrolls of amnesia
Potions
 e - a potion of agility {unknown}
 g - a potion of heal wounds {unknown}
 p - 3 potions of flight
 q - a potion of brilliance {unknown}
 r - a potion of resistance
 u - a potion of ambrosia
 z - 2 potions of curing
 B - a potion of haste {unknown}
 D - a potion of lignification
 E - a potion of cancellation
 F - 3 potions of degeneration
 G - a potion of magic
 T - 2 potions of poison
Books
 b - a book of Changes

   Spells                             Type                      Level
   a - Beastly Appendage              Transmutation                1
   b - Sticks to Snakes               Transmutation                2
   c - Spider Form                    Transmutation/Poison         3
   d - Ice Form                       Ice/Transmutation            4
   e - Blade Hands                    Transmutation                5
 l - Sif Muna's Incunabulum of the Entourage
   (You found it on level 5 of the Dungeon)

   Spells                             Type                      Level
   a - Summon Small Mammal            Summoning                    1
 J - Vehumet's Compendium of Conjuration
   (You found it on level 5 of the Dungeon)

   Spells                             Type                      Level
   a - Magic Dart                     Conjuration                  1
 K - Kikubaaqudgha's Tome of Dark Rites
   (You found it on level 5 of the Dungeon)

   Spells                             Type                      Level
   a - Animate Skeleton               Necromancy                   1
Comestibles
 c - 5 bread rations
 A - 4 fruits
 S - a meat ration


   Skills:
 + Level 5.1 Fighting
 + Level 4.2 Throwing
 + Level 5.3 Dodging
 + Level 7.2 Stealth
 - Level 3.0 Unarmed Combat
 + Level 5.0 Spellcasting
 + Level 5.3 Transmutations
 + Level 4.8 Ice Magic


You had 3 spell levels left.
You knew the following spells:

 Your Spells              Type           Power        Failure   Level  Hunger
a - Beastly Appendage     Trmt           ###...       1%          1    None
b - Sticks to Snakes      Trmt           ###.......   2%          2    ##.....
c - Ice Form              Ice/Trmt       ###.....     24%         4    ####...
d - Blade Hands           Trmt           ###.......   54%         5    ######.
e - Summon Small Mammal   Summ           #...         17%         1    None
f - Magic Dart            Conj           #...         17%         1    None
g - Animate Skeleton      Necr           N/A          17%         1    None


Dungeon Overview and Level Annotations

Branches:
Dungeon (8/15)             Temple (1/1) D:5
   Lair: D:8-11

Altars:
Ashenzari
Cheibriados
Dithmenos
Elyvilon
Gozag
Kikubaaqudgha
Makhleb
Nemelex Xobeh
Okawaru
Ru
Sif Muna
Trog
Vehumet
Xom
Yredelemnul
Zin
The Shining One

Shops:
D:7 [


Innate Abilities, Weirdness & Mutations

You cannot wear most types of armour.
You are amphibious.
You can wear up to eight rings at the same time.
You can use your tentacles to constrict eight enemies at once.
Your skin changes colour to match your surroundings (Stealth).
Your rubbery body absorbs attacks (AC +1).


Message History

* * * LOW HITPOINT WARNING * * *
You feel sick.
The phantom blinks!
A quokka comes into view.
* * * LOW HITPOINT WARNING * * *
You feel sick.
* * * LOW HITPOINT WARNING * * *
You feel sick.
The phantom blinks!
* * * LOW HITPOINT WARNING * * *
You feel sick.
Blink to where?
Press: ? - help, Dir - move target cursor You are very lightly contaminated with residual magic.
As you read the scroll of blinking, it crumbles to dust.
* * * LOW HITPOINT WARNING * * *
You feel sick.
The phantom blinks!
You feel better.
Casting: Summon Small Mammal
Confirm with . or Enter, or press ? or * to list all spells.
The soldier ant stings you!
You die...

......#
#.#.......##.#*,**#....
##.##.#
#.#...........,,* #..##
...##.#
#.#.......##.#*** #..#
#####.#
#.##.#..####.######..##
#.# #.###§..#
#.........## #.# #.#
#.### ########....
##.#####.# #§# #####
#........#
#a#################
##.#######
#r@......>......... ###
###################


You could see a soldier ant and a friendly rat.

Vanquished Creatures
  Joseph (D:8)
  3 yaks
  Eustachio (D:5)
  A soldier ant (D:8)
  An ice beast (D:5)
  A black bear (D:6)
  A spider (D:8)
  3 ogres (D:5)
  2 sky beasts
  2 giant frogs
  Blork the orc (D:5)
  5 crimson imps
  3 orc wizards
  2 giant frog zombies
  A giant frog skeleton (D:5)
  2 jellies
  A centaur skeleton (D:5)
  2 orc priests (D:5)
  Ijyb (D:2)
  3 worker ants
  Jessica (D:2)
  Terence (D:2)
  An iguana (D:4)
  A hound skeleton (D:5)
  A worker ant zombie (D:5)
  Robin (D:3)
  20 adders
  A shadow imp (D:5)
  3 oozes
  2 adder skeletons (D:5)
  3 worms
  4 giant geckos
  19 orcs
  2 ball pythons (D:4)
  4 bats
  6 giant cockroaches
  12 hobgoblins
  8 kobolds
  A quokka (D:7)
  5 giant newts
  15 goblins
  6 jackals
  A jackal skeleton (D:5)
  A jackal zombie (D:4)
  2 quokka skeletons (D:4)
  8 rats
166 creatures vanquished.

Notes
Turn   | Place    | Note
--------------------------------------------------------------
     0 | D:1      | tatulmax the Octopode Transmuter began the quest for the Orb.
     0 | D:1      | Reached XP level 1. HP: 13/13 MP: 3/3
   313 | D:1      | Reached XP level 2. HP: 18/18 MP: 3/5
   449 | D:1      | Learned a level 2 spell: Sticks to Snakes
   820 | D:1      | Reached skill level 1 in Stealth
  1204 | D:2      | Reached XP level 3. HP: 15/23 MP: 4/6
  1663 | D:2      | Noticed Terence
  1676 | D:2      | Killed Terence
  1676 | D:2      | Reached skill level 1 in Throwing
  1676 | D:2      | Reached XP level 4. HP: 18/28 MP: 5/7
  1683 | D:2      | Learned a level 4 spell: Ice Form
  2000 | D:2      | Noticed Ijyb
  2013 | D:2      | Killed Ijyb
  2018 | D:2      | Reached XP level 5. HP: 24/34 MP: 7/9
  2103 | D:2      | Found a sparkling altar of Nemelex Xobeh.
  2132 | D:2      | Noticed Jessica
  2139 | D:2      | Killed Jessica
  2309 | D:2      | Reached skill level 1 in Ice Magic
  2673 | D:3      | Learned a level 1 spell: Beastly Appendage
  2851 | D:3      | Noticed Robin
  3318 | D:3      | Killed Robin
  3472 | D:3      | Reached XP level 6. HP: 40/40 MP: 10/10
  3565 | D:3      | Noticed a sky beast
  3578 | D:3      | Killed a sky beast
  3648 | D:3      | Found a burning altar of Makhleb.
  3662 | D:3      | Became a worshipper of Makhleb the Destroyer
  3989 | D:4      | Reached skill level 4 in Stealth
  4653 | D:4      | Found a white marble altar of Elyvilon.
  4758 | D:4      | Found a shattered altar of Ashenzari.
  4758 | D:4      | Found a snail-covered altar of Cheibriados.
  4869 | D:4      | Reached XP level 7. HP: 12/45 MP: 11/11
  4870 | D:4      | Reached * piety under Makhleb
  5236 | D:4      | Learned a level 5 spell: Blade Hands
  5580 | D:5      | Entered Level 5 of the Dungeon
  5658 | D:5      | Found a staircase to the Ecumenical Temple.
  5819 | D:5      | Reached XP level 8. HP: 33/52 MP: 13/13
  5884 | D:5      | Reached skill level 5 in Stealth
  5940 | D:5      | Reached ** piety under Makhleb
  6017 | D:5      | Noticed Blork the orc
  6026 | D:5      | Killed Blork the orc
  6228 | D:5      | Noticed Eustachio
  6237 | D:5      | Killed Eustachio
  6245 | D:5      | Found a radiant altar of Vehumet.
  6247 | D:5      | Found a deep blue altar of Sif Muna.
  6247 | D:5      | Found an ancient bone altar of Kikubaaqudgha.
  6252 | D:5      | Identified Sif Muna's Incunabulum of the Entourage
  6261 | D:5      | Identified Vehumet's Compendium of Conjuration
  6268 | D:5      | Identified Kikubaaqudgha's Tome of Dark Rites
  6271 | D:5      | Learned a level 1 spell: Summon Small Mammal
  6273 | D:5      | Learned a level 1 spell: Magic Dart
  6275 | D:5      | Learned a level 1 spell: Animate Skeleton
  6505 | Temple   | Entered the Ecumenical Temple
  6704 | D:6      | Found an iron altar of Okawaru.
  7112 | D:6      | Reached skill level 6 in Stealth
  7726 | D:7      | Found Ysanuen's Antique Armour Boutique.
  7745 | D:7      | Bought a glowing hat for 144 gold pieces
  7875 | D:7      | Reached XP level 9. HP: 59/59 MP: 15/15
  8159 | D:6      | Found a shimmering altar of Xom.
  8159 | D:6      | Found a glowing silver altar of Zin.
  8471 | D:8      | HP: 2/59 [yak (14)]
  9433 | D:8      | Reached skill level 5 in Dodging
  9467 | D:8      | Noticed Joseph
  9472 | D:8      | Paralysed by Joseph for 2 turns
  9481 | D:8      | Reached skill level 5 in Transmutations
  9482 | D:8      | Paralysed by Joseph for 6 turns
  9492 | D:8      | Paralysed by Joseph for 6 turns
  9506 | D:8      | Killed Joseph
  9506 | D:8      | Reached skill level 5 in Fighting
  9506 | D:8      | Reached skill level 7 in Stealth
  9581 | D:8      | Reached skill level 5 in Spellcasting
  9651 | D:8      | HP: 3/61 [poisoned by a soldier ant]
  9654 | D:8      | HP: 1/61 [poisoned by a soldier ant]
  9656 | D:8      | Slain by a soldier ant

Action                   |  1- 3 |  4- 6 |  7- 9 || total
-------------------------+-------+-------+-------++-------
Melee: Club              |    17 |       |       ||    17
       Unarmed           |     8 |       |       ||     8
       Dagger            |    44 |   159 |   278 ||   481
       Spear             |       |     8 |       ||     8
Throw: Stone             |     6 |    52 |    19 ||    77
 Cast: Beastly Appendage |    16 |    15 |    16 ||    47
       Summon Small Mamm |       |       |    10 ||    10
  Use: Scroll            |       |     4 |    14 ||    18
       Potion            |       |       |     1 ||     1
 Stab: Sleeping          |     1 |    12 |    13 ||    26
  Eat: Chunk             |     1 |     5 |     9 ||    15
       Pizza             |     1 |       |       ||     1
       Meat ration       |       |     1 |     2 ||     3
       Beef jerky        |       |       |     2 ||     2
